 Dungeon Crawl Stone Soup version 0.20.1-1-g8b1a95d (webtiles) character file.

6237 n0claF the Thaumaturge (level 10, 0/58 HPs)
             Began as a Deep Elf Summoner on Nov 1, 2017.
             Was a Priest of the Shining One.
             Slain by a warg (6 damage)
             ... on level 10 of the Dungeon.
             The game lasted 00:57:28 (11147 turns).

n0claF the Thaumaturge (Deep Elf Summoner)         Turns: 11147, Time: 00:57:29

Health: 0/58       AC:  6    Str:  3 (5)  XL:     10   Next: 62%
Magic:  8/26       EV: 18    Int: 25 (27) God:    the Shining One [***...]
Gold:   247        SH:  0    Dex: 14 (15) Spells: 17/29 levels left

rFire    . . .     SeeInvis .   q - +0 halberd
rCold    . . .     Gourm    .   (shield currently unavailable)
rNeg     + . .     Faith    .   a - +1 robe
rPois    .         Spirit   .   y - +1 helmet {Int+3}
rElec    .         Reflect  .   z - +0 cloak
rCorr    .         Harm     .   (no gloves)
MR       +....                  (no boots)
Stlth    +.........             K - amulet of magic regeneration
Regen    0.2/turn               w - ring of flight
MPRegen  0.3/turn               (no ring)

@: glowing
A: no striking features
a: Divine Shield, Renounce Religion, Evoke Flight


You were on level 10 of the Dungeon.
You worshipped the Shining One.
The Shining One was most pleased with you.
You were near starving.

You visited 1 branch of the dungeon, and saw 10 of its levels.

You collected 409 gold pieces.
You spent 162 gold pieces at shops.

Inventory:

Hand Weapons
 q - a +0 halberd (weapon)
Armour
 a - a +1 robe (worn)
 y - a +1 helmet of intelligence (worn)
 z - a +0 cloak (worn)
Jewellery
 w - a ring of flight (left hand)
 G - a +2 amulet of reflection
 K - an amulet of magic regeneration (around neck)
Wands
 v - a wand of flame (32/48)
Scrolls
 e - a scroll of blinking
 h - a scroll of fog
 l - 3 scrolls of enchant armour
 x - 2 scrolls of amnesia
 A - 2 scrolls of teleportation
 B - a scroll of random uselessness {unknown}
 D - 2 scrolls of immolation {unknown}
 F - 3 scrolls of identify
 J - 2 scrolls of remove curse
 L - a scroll of enchant weapon
 N - a scroll of fear {unknown}
Potions
 d - 3 potions of berserk rage
 f - 5 potions of haste
 g - a potion of agility
 k - 3 potions of lignification
 m - a potion of mutation
 n - a potion of degeneration
 r - a potion of brilliance
 s - 2 potions of resistance
 t - a potion of curing
 u - 3 potions of heal wounds
 C - 3 potions of might {unknown}
 E - a potion of cancellation {unknown}
 H - a potion of ambrosia {unknown}
Books
 b - a book of Callings

   Spells                             Type                      Level
   a - Summon Small Mammal            Summoning                    1
   b - Call Imp                       Summoning                    2
   c - Call Canine Familiar           Summoning                    3
   d - Summon Guardian Golem          Hexes/Summoning              3
   e - Summon Lightning Spire         Summoning/Air                4
   f - Summon Ice Beast               Ice/Summoning                4
 I - a book of Misfortune

   Spells                             Type                      Level
   a - Confusing Touch                Hexes                        1
   b - Confuse                        Hexes                        3
   c - Gell's Gravitas                Translocation                3
   d - Petrify                        Transmutation/Earth          4
   e - Metabolic Englaciation         Hexes/Ice                    5
   f - Yara's Violent Unravelling     Hexes/Transmutation          5
 M - a book of Air

   Spells                             Type                      Level
   a - Shock                          Conjuration/Air              1
   b - Swiftness                      Charms/Air                   2
   c - Static Discharge               Conjuration/Air              3
   d - Airstrike                      Air                          4
   e - Lightning Bolt                 Conjuration/Air              5
Comestibles
 c - 4 bread rations
 i - 5 royal jellies
 j - 22 fruits
 p - 8 meat rations


   Skills:
 + Level 4.7 Fighting
 + Level 4.2 Polearms
 + Level 9.2 Dodging
 - Level 2.4 Stealth
 + Level 10.0 Spellcasting
 + Level 9.4 Summonings
 + Level 5.6 Invocations


You had 17 spell levels left.
You knew the following spells:

 Your Spells              Type           Power        Failure   Level  Hunger
a - Summon Small Mammal   Summ           ####         1%          1    None
c - Call Canine Familiar  Summ           ######..     1%          3    None
d - Summon Ice Beast      Ice/Summ       #####...     7%          4    None
e - Summon Lightning Spi  Summ/Air       #####...     7%          4    None


Dungeon Overview and Level Annotations

Branches:
Dungeon (10/15)            Temple (0/1) D:4            Lair (0/6) D:10
    Orc (0/2) D:10

Altars:
Cheibriados
Dithmenos
Elyvilon
Gozag
Kikubaaqudgha
Nemelex Xobeh
Sif Muna
Xom
Zin
The Shining One
Beogh

Shops:
D:5 (


Message History

The warg dies!
A yak comes into view.
You barely miss the yak.
The yak is moderately wounded.
The yak gores you. The warg bites your lightning spire.
Your ice beast hits the yak but does no damage.
The yak barely misses your lightning spire.
What are your orders? t - Shout!
Orders for allies: a - Attack new target. r - Retreat! s - Stop attacking. g - Guard the area. f - Follow me.
Anything else - Cancel.
Gang up on whom?
Press: ? - help, Dir - move target cursor, f - yak
Aim: a yak (moderately wounded, haloed) Attack!
The warg bites your lightning spire. The yak gores you!
* * * LOW HITPOINT WARNING * * *
The warg bites you.
You die...

# ........# . ..
..#....##+## .# ...
#.#......... ##.
.>..###.#......... ....
....YY8.........>.#
.#.###.##.#.h†#..........#
.#...........YYYYY#.....(#
...# .##.#Y...hY.#......#
.#.#.# # #....#@.#......#
...#.#.##.#....#..#.#....#
...#.#.##.#....+..#'#....#
............♣P...........#
.........#...P...........#
.........##....#.........#
#...^.... #....#......####
#..#+#+####.#..#......#
......................#


You could see 6 yaks, 2 wargs, 3 friendly ice beasts and a friendly lightning
spire.

Vanquished Creatures
  2 yaks (D:9)
  2 porcupines (D:10)
  An ice beast (D:9)
  A sky beast (D:9)
  A howler monkey (D:4)
  A wight (D:7)
  An orc priest (D:9)
  An orc wizard (D:5)
  A hound skeleton (D:9)
  A worker ant zombie (D:10)
  5 adders
  4 gnolls
  2 leopard geckos
  2 orcs
  3 ball pythons (D:3)
  3 bats (D:3)
  3 giant cockroaches
  4 hobgoblins (D:3)
  3 jackals (D:3)
  4 frilled lizards
  2 goblins
  A rat (D:3)
48 creatures vanquished.

Vanquished Creatures (collateral kills)
  Erica (D:8)
  The ghost of Ymberto the Nimble, a journeyman DEFE of Sif Muna (D:10)
  A two-headed ogre (D:6)
  An unseen horror (D:10)
  The ghost of Irenicus the Reanimator, a novice DDNe of Makhleb (D:7)
  A hornet (D:10)
  A troll (D:9)
  Grinder (D:3)
  2 hippogriffs
  A wyvern (D:9)
  16 yaks
  Menkaure (D:4)
  2 wargs (D:10)
  A water moccasin (D:9)
  4 orc warriors
  5 sky beasts
  A porcupine (D:10)
  2 ice beasts
  A black bear (D:10)
  3 ogres
  2 necrophages
  2 phantoms
  A centaur (D:5)
  3 big kobolds
  7 bullfrogs
  A scorpion (D:9)
  3 killer bees (D:7)
  2 wights (D:7)
  3 howler monkeys (D:9)
  2 crimson imps
  A bullfrog zombie (D:10)
  A centaur skeleton (D:5)
  5 hounds
  An orc priest (D:6)
  Crazy Yiuf (D:2)
  2 jellies
  3 bullfrog skeletons
  A centaur zombie (D:5)
  2 iguanas (D:7)
  6 worker ants
  A hound skeleton (D:7)
  A worker ant zombie (D:6)
  A howler monkey skeleton (D:7)
  2 adders
  9 gnolls
  7 shadow imps
  2 adder skeletons
  2 worms
  2 dart slugs
  6 leopard geckos
  23 orcs
  A ball python (D:5)
  5 bats
  4 giant cockroaches
  3 goblins
  8 hobgoblins
  6 jackals
  A quokka (D:7)
  A ball python zombie (D:5)
  3 frilled lizards
  13 kobolds
  6 rats
  2 rat zombies (D:8)
205 creatures vanquished.

Vanquished Creatures (others)
  A hound (D:5)
  A jelly (D:5)
  A worker ant (D:5)
  3 orcs (D:5)
  A ball python (D:5)
  A frilled lizard (D:5)
  6 fungi (D:10)
  4 plants (D:10)
18 creatures vanquished.

Grand Total: 271 creatures vanquished

Notes
Turn   | Place    | Note
-------+----------+-------------------------------------------
     0 | D:1      | n0claF the Deep Elf Summoner began the quest for the Orb.
     0 | D:1      | Reached XP level 1. HP: 10/10 MP: 6/6
   236 | D:1      | Reached XP level 2. HP: 9/15 MP: 2/8
   240 | D:1      | Learned a level 2 spell: Call Imp
   359 | D:1      | Reached skill level 5 in Summonings
  1008 | D:2      | Reached XP level 3. HP: 12/19 MP: 5/10
  1144 | D:2      | Found a white marble altar of Elyvilon.
  1232 | D:2      | Found a glowing golden altar of the Shining One.
  1238 | D:2      | Became a worshipper of the Shining One
  1474 | D:2      | Learned a level 3 spell: Call Canine Familiar
  1611 | D:2      | Found a shadowy altar of Dithmenos.
  1673 | D:2      | Reached skill level 4 in Spellcasting
  1820 | D:2      | Found a runed door.
  1977 | D:2      | Noticed Crazy Yiuf
  1985 | D:2      | Killed Crazy Yiuf
  1985 | D:2      | Reached XP level 4. HP: 24/24 MP: 8/12
  2016 | D:3      | Noticed Grinder
  2052 | D:3      | Killed Grinder
  2052 | D:3      | Reached skill level 5 in Spellcasting
  2052 | D:3      | Reached XP level 5. HP: 20/28 MP: 1/14
  2749 | D:3      | Reached XP level 6. HP: 32/32 MP: 16/16
  2922 | D:3      | Found a glowing silver altar of Zin.
  2922 | D:3      | Noticed an angel
  3508 | D:4      | Found a staircase to the Ecumenical Temple.
  3509 | D:4      | Reached * piety under the Shining One
  3535 | D:4      | Learned a level 4 spell: Summon Ice Beast
  3540 | D:4      | Learned a level 4 spell: Summon Lightning Spire
  3718 | D:4      | Noticed Menkaure
  3729 | D:4      | Killed Menkaure
  3729 | D:4      | Reached skill level 5 in Dodging
  4274 | D:5      | Entered Level 5 of the Dungeon
  4274 | D:5      | Found Upo Ung's Antique Weapon Boutique.
  4292 | D:5      | Bought a glowing spear for 162 gold pieces
  4321 | D:5      | Found a shimmering altar of Xom.
  4357 | D:5      | Reached skill level 6 in Spellcasting
  4371 | D:5      | HP: 1/32 [centaur/arrow (14)]
  4977 | D:5      | Reached XP level 7. HP: 26/36 MP: 16/18
  5185 | D:5      | Found a deep blue altar of Sif Muna.
  6005 | D:5      | Found an opulent altar of Gozag.
  6226 | D:6      | Found a sparkling altar of Nemelex Xobeh.
  6315 | D:6      | Reached skill level 1 in Fighting
  6501 | D:6      | Reached ** piety under the Shining One
  6548 | D:6      | Reached skill level 1 in Polearms
  6768 | D:6      | Noticed a two-headed ogre
  6770 | D:6      | Reached skill level 7 in Spellcasting
  6774 | D:6      | Killed a two-headed ogre
  6774 | D:6      | Reached skill level 1 in Invocations
  6774 | D:6      | Reached XP level 8. HP: 44/44 MP: 14/21
  7069 | D:7      | Noticed Irenicus's ghost (novice DDNe)
  7084 | D:7      | Killed Irenicus's ghost
  7841 | D:7      | Noticed a hippogriff
  7852 | D:7      | Killed a hippogriff
  7852 | D:7      | Reached skill level 8 in Spellcasting
  7852 | D:7      | Reached XP level 9. HP: 49/49 MP: 12/23
  8057 | D:8      | Noticed Erica
  8067 | D:8      | Killed Erica
  8112 | D:8      | Reached *** piety under the Shining One
  8702 | D:8      | Found an ancient bone altar of Kikubaaqudgha.
  8994 | D:9      | Noticed a troll
  8994 | D:9      | Reached skill level 9 in Spellcasting
  8998 | D:9      | Killed a troll
  9165 | D:9      | Found a snail-covered altar of Cheibriados.
  9246 | D:9      | Found a roughly hewn altar of Beogh.
  9451 | D:9      | Reached XP level 10. HP: 56/56 MP: 15/25
  9787 | D:10     | Entered Level 10 of the Dungeon
  9903 | D:10     | Reached skill level 5 in Invocations
 10282 | D:10     | Noticed an unseen horror
 10289 | D:10     | Killed an unseen horror
 10393 | D:10     | Noticed Ymberto's ghost (journeyman DEFE)
 10414 | D:10     | Killed Ymberto's ghost
 10650 | D:10     | Paralysed by a hornet for 1 turns
 10668 | D:10     | Found a staircase to the Lair.
 11132 | D:10     | Found a staircase to the Orcish Mines.
 11142 | D:10     | Reached skill level 10 in Spellcasting
 11147 | D:10     | Slain by a warg

Skill      XL: |  1  2  3  4  5  6  7  8  9 10 |
---------------+-------------------------------+-----
Summonings     | 5 6 7 8 9 |  9.4
Dodging        | 3 4 5 6 7 8 9 |  9.2
Spellcasting   | 4 5 6 7 8 9 10 | 10.0
Fighting       | 1 2 3 4 |  4.7
Polearms       | 1 2 3 4 |  4.2
Invocations    | 1 2 4 5 |  5.6
Stealth        | |  2.4

Action                   |  1- 3 |  4- 6 |  7- 9 | 10-12 || total
-------------------------+-------+-------+-------+-------++-------
Melee: Unarmed           |     8 |     2 |       |       ||    10
       Whip              |     5 |       |       |       ||     5
       Spear             |    17 |    71 |       |       ||    88
       Halberd           |       |    65 |    82 |    36 ||   183
 Cast: Summon Small Mamm |    28 |    41 |    11 |     1 ||    81
       Call Imp          |    19 |       |       |       ||    19
       Call Canine Famil |     6 |    22 |    31 |    14 ||    73
       Summon Ice Beast  |       |     3 |    43 |    26 ||    72
       Summon Lightning  |       |       |    24 |     8 ||    32
Invok: Divine Shield     |       |       |     5 |     5 ||    10
  Use: Scroll            |       |    10 |     2 |       ||    12
       Potion            |       |       |       |     8 ||     8
  Eat: Chunk             |     4 |    10 |     9 |     4 ||    27
       Fruit             |       |     1 |     5 |       ||     6
       Bread ration      |       |       |     1 |       ||     1
Armor: Robe              |    11 |    14 |     7 |     6 ||    38
Dodge: Dodged            |    50 |   105 |    37 |    36 ||   228
Block: Other             |       |       |     5 |     5 ||    10
